 Dungeon Crawl Stone Soup version 0.23.2-1-ga50397a (webtiles) character file.

Game seed: 7375891564962793463

13337 doot the Unseen (level 11, -2/73 HPs)
             Began as a Vampire Enchanter on May 5, 2019.
             Was a Priest of Nemelex Xobeh.
             Slain by a very large slime creature (43 damage)
             ... on level 12 of the Dungeon.
             The game lasted 00:44:32 (9698 turns).

doot the Unseen (Vampire Enchanter)                 Turns: 9698, Time: 00:44:34

Health: -2/73      AC:  8    Str:  7    XL:     11   Next: 74%
Magic:  17/23      EV: 16    Int: 18    God:    Nemelex Xobeh [***...]
Gold:   453        SH:  0    Dex: 22    Spells: 15/27 levels left

rFire    . . .     SeeInvis +   B - +2 dagger (venom)
rCold    + . .     Gourm    .   (no shield)
rNeg     + . .     Faith    .   y - +2 robe {Archmagi}
rPois    .         Spirit   .   (helmet restricted)
rElec    .         Reflect  .   c - +2 cloak "Ilaliqum" {rC+ Slay+3}
rCorr    .         Harm     .   (no gloves)
MR       ++...                  p - +0 pair of boots
Stlth    +++++++...             (no amulet)
HPRegen  0.22/turn              i - +4 ring of dexterity
MPRegen  0.18/turn              D - ring of protection from magic

@: no status effects
A: fangs 3, horns 1, see invisible, unbreathing, no potion heal 1
a: Bat Form, Draw Escape, Draw Destruction, Draw Summoning, Triple Draw,
Renounce Religion


You were on level 12 of the Dungeon.
You worshipped Nemelex Xobeh.
Nemelex Xobeh was most pleased with you.
You were not thirsty.

You visited 2 branches of the dungeon, and saw 15 of its levels.

You collected 453 gold pieces.

Inventory:

Hand Weapons
 d - the +2 whip of Causality {elec, rPois rN+}
   (You found it on level 5 of the Dungeon)

   Occasionally, upon striking a foe, it will discharge some electrical energy
   and cause terrible harm.
   It protects you from poison.
   It protects you from negative energy.
 u - a +2 long sword of draining
 v - a +3 scimitar
 B - a +2 dagger of venom (weapon)
Missiles
 f - a throwing net (quivered)
Armour
 b - a +0 robe
 c - the +2 cloak "Ilaliqum" (worn) {rC+ Slay+3}
   (You found it on level 5 of the Dungeon)

   It affects your accuracy and damage with ranged weapons and melee attacks
   (+3).
   It protects you from cold.
 h - a scarf of resistance
 j - a +1 pair of boots
 p - a +0 pair of boots (worn)
 y - a +2 robe of the Archmagi (worn)
Magical Staves
 e - an uncursed staff of energy
Jewellery
 i - a +4 ring of dexterity (left hand)
 t - an uncursed ring of protection from fire
 D - a ring of protection from magic (right hand)
 H - an uncursed ring of positive energy
 K - an uncursed ring of protection from fire
Wands
 a - a wand of random effects (27)
 w - a wand of disintegration (4)
 x - a wand of enslavement (8)
 A - a wand of polymorph (5)
Scrolls
 k - 7 scrolls of blinking
 n - 3 scrolls of acquirement {unknown}
 q - 2 scrolls of noise {unknown}
 r - a scroll of remove curse
 z - 4 scrolls of teleportation {unknown}
 C - 2 scrolls of amnesia {unknown}
 F - 3 scrolls of identify
 G - a scroll of enchant armour {unknown}
 I - 2 scrolls of magic mapping
 J - a scroll of immolation
Potions
 g - 24 potions of blood
 l - 2 potions of ambrosia
 m - a potion of might
 o - a potion of flight
 s - 2 potions of curing
 E - 2 potions of lignification
 L - a potion of agility


   Skills:
 + Level 2.4 Fighting
 + Level 5.8 Short Blades
 + Level 0.6 Maces & Flails
 + Level 4.7 Dodging
 + Level 16.4 Stealth
 + Level 8.5 Spellcasting
 + Level 12.2 Hexes
 + Level 6.3 Ice Magic


You had 15 spell levels left.
You knew the following spells:

 Your Spells              Type           Power        Failure   Level  Hunger
a - Corona                Hex            ######.      1%          1    None
b - Ensorcelled Hibernat  Hex/Ice        ######       1%          2    None
c - Confuse               Hex            ######..     1%          3    None
d - Tukima's Dance        Hex            ######..     1%          3    None
e - Ozocubu's Armour      Chrm/Ice       ####....     8%          3    None

Your spell library contained the following spells:

 Spells                   Type           Power        Failure   Level  Hunger
 Confusing Touch          Hex            ######       1%          1    None
 Freeze                   Ice            ####         1%          1    None
 Dazzling Spray           Conj/Hex       #####.       2%          3    None
 Throw Frost              Conj/Ice       ####..       3%          2    None
 Animate Skeleton         Necr           N/A          10%         1    None
 Apportation              Tloc           ##....       10%         1    None
 Summon Small Mammal      Summ           ##..         10%         1    None
 Silence                  Hex/Air        #####.....   21%         5    #####..
 Summon Ice Beast         Ice/Summ       ####....     26%         4    ###....
 Throw Icicle             Conj/Ice       ####....     26%         4    ###....
 Summon Lightning Spire   Summ/Air       ##......     67%         4    ###....
 Bolt of Magma            Conj/Fire/Erth ##........   95%         5    #####..
 Iskenderun's Battlesphe  Conj/Chrm      ##......     95%         5    #####..
 Venom Bolt               Conj/Pois      ##........   95%         5    #####..
 Conjure Ball Lightning   Conj/Air       ##........   100%        6    ######.
 Deflect Missiles         Chrm/Air       ##........   100%        6    ######.
 Iron Shot                Conj/Erth      ##........   100%        6    ######.
 Orb of Destruction       Conj           ##........   100%        7    #######
 Spellforged Servitor     Conj/Summ      ##........   100%        7    #######
 Tornado                  Air            ##........   100%        9    #######


Dungeon Overview and Level Annotations

Branches:
Dungeon (14/15)            Temple (1/1) D:6            Lair (0/6) D:8
    Orc (0/2) D:12
 Vaults: D:13-14

Altars:
Ashenzari
Cheibriados
Dithmenos
Elyvilon
Fedhas
Gozag
Hepliaklqana
Kikubaaqudgha
Makhleb
Nemelex Xobeh
Okawaru
Qazlal
Ru
Sif Muna
Trog
Uskayaw
Vehumet
Wu Jian
Xom
Zin
The Shining One

Shops:
D:6 *=   D:7 :   D:11 =   D:14 :

Annotations:
D:9 1 runed translucent door, davaitedunem's ghost, novice TrHu
D:12 Azrael; Sonja


Innate Abilities, Weirdness & Mutations

You have razor-sharp teeth.
You have supernaturally acute eyesight. (SInv)
You can survive without breathing.
You have a pair of small horns on your head.
Potions are less effective at restoring your health.


Message History

The electrical discharge engulfs the very large slime creature!
The very large slime creature is heavily wounded.
The electrical discharge engulfs the very large slime creature!
The very large slime creature is heavily wounded.
The electrical discharge engulfs the very large slime creature!!
The very large slime creature is heavily wounded.
You hear mighty peals of thunder!
You hear a bark!
You hear a shout!
You hear a bark!
Unknown command.
You hit the very large slime creature.
Your headbutt misses the very large slime creature.
The very large slime creature is heavily wounded.
You puncture the very large slime creature!
The very large slime creature is poisoned.
You headbutt the very large slime creature.
The very large slime creature is severely wounded.
The very large slime creature hits you!!!
Ouch! That really hurt!
You die...
Your body disappears without a glow.

### ##..# #########
#.(.# #.....>.# ###..#
##.......###...##
###........#....##
#......@........# #
######.###.##J....####
. #......###.##.###.#
.. ##.....(....# #.#
#.### #..####.^####
#.# ^..###.## #.## #.#
###.##..# ...# #.#
.......## #.### #.#
.... .##...## #.. #.#
.K..


You could see a very large slime creature (confused).

Vanquished Creatures
  Harold (D:9)
  A hydra (D:11)
  4 two-headed ogres
  A cyclops (D:13)
  Maurice (D:8)
  A kobold demonologist (D:11)
  An efreet (D:13)
  A komodo dragon (shapeshifter) (D:13)
  A troll (D:11)
  A hornet (D:10)
  Prince Ribbit (D:8)
  3 hippogriffs
  A wyvern (D:8)
  8 yaks
  A human (D:7)
  2 hogs (D:7)
  2 wraiths (D:10)
  Menkaure (D:7)
  Duvessa (D:7)
  2 orc warriors (D:8)
  3 sky beasts
  A black bear (D:11)
  5 ice beasts
  2 phantoms
  4 ogres
  4 centaurs
  A crocodile (D:9)
  3 bullfrogs
  A big kobold (D:10)
  A gnoll sergeant (D:7)
  A water moccasin zombie (D:9)
  3 scorpions
  Dowan (D:7)
  6 killer bees (D:10)
  15 wights
  2 howler monkeys
  5 crimson imps
  A bullfrog zombie (D:7)
  A quasit (D:10)
  2 hounds
  7 orc priests
  2 centaur skeletons (D:11)
  2 bullfrog skeletons
  2 iguanas (D:8)
  7 worker ants
  4 orc wizards
  2 hound zombies
  A hound skeleton (D:6)
  10 adders
  4 gnolls (D:7)
  3 shadow imps
  2 oozes (D:1)
  3 adder skeletons
  2 worms (D:2)
  2 dart slugs (D:1)
  3 leopard geckos
  20 orcs
  2 ball pythons
  12 bats
  4 giant cockroaches
  3 goblins
  4 hobgoblins
  24 jackals
  2 quokkas
  4 frilled lizards
  A giant cockroach zombie (D:5)
  13 kobolds
  2 leopard gecko skeletons
  7 rats
  2 butterflies (D:9)
253 creatures vanquished.

Vanquished Creatures (others)
  2 fungi (D:5)
  A plant (D:8)
3 creatures vanquished.

Grand Total: 256 creatures vanquished

Notes
Turn   | Place    | Note
-------+----------+-------------------------------------------
     0 | D:1      | doot the Vampire Enchanter began the quest for the Orb.
     0 | D:1      | Reached XP level 1. HP: 13/13 MP: 3/3
    56 | D:1      | Reached XP level 2. HP: 8/19 MP: 0/5
   129 | D:1      | Learned a level 2 spell: Ensorcelled Hibernation
   245 | D:1      | Reached skill level 5 in Stealth
   396 | D:1      | Reached XP level 3. HP: 23/24 MP: 0/6
   553 | D:1      | You fall through a shaft!
   722 | D:1      | Learned a level 3 spell: Confuse
  1382 | D:2      | Found a glowing golden altar of the Shining One.
  1455 | D:2      | Reached skill level 5 in Hexes
  1695 | D:2      | Reached XP level 4. HP: 30/30 MP: 5/8
  1929 | D:3      | Reached skill level 1 in Ice Magic
  1967 | D:3      | Gained mutation: Potions are less effective at restoring
                  | your health. [potion of mutation]
  1967 | D:3      | Gained mutation: You have a pair of small horns on your
                  | head. [potion of mutation]
  2038 | D:3      | You fall through a shaft for 2 floors!
  2038 | D:5      | Entered Level 5 of the Dungeon
  2153 | D:5      | Got a translucent cloak
  2164 | D:5      | Identified the +2 cloak "Ilaliqum" {rC+ Slay+3} (You found
                  | it on level 5 of the Dungeon)
  2192 | D:5      | Reached skill level 6 in Stealth
  2419 | D:5      | Reached XP level 5. HP: 35/35 MP: 9/9
  2428 | D:5      | Learned a level 3 spell: Tukima's Dance
  2518 | D:5      | Got a polished whip
  2519 | D:5      | Identified the cursed +2 whip of Causality {elec, rPois
                  | rN+} (You found it on level 5 of the Dungeon)
  2547 | D:5      | Noticed a centaur
  2553 | D:5      | Killed a centaur
  2553 | D:5      | Reached skill level 7 in Stealth
  2558 | D:5      | Reached XP level 6. HP: 31/41 MP: 7/10
  2576 | D:5      | Found a sacrificial altar of Ru.
  2712 | D:5      | Found a stormy altar of Qazlal.
  3177 | D:6      | You fall through a shaft for 3 floors!
  3181 | D:9      | Reached skill level 8 in Stealth
  3185 | D:9      | Reached XP level 7. HP: 47/47 MP: 2/12
  3226 | D:9      | Noticed Harold
  3538 | D:8      | Reached skill level 1 in Fighting
  3594 | D:7      | Noticed Menkaure
  3809 | D:6      | Found Nyj Zics's Jewellery Shop.
  3810 | D:6      | Found a staircase to the Ecumenical Temple.
  3832 | Temple   | Entered the Ecumenical Temple
  3992 | Temple   | Became a worshipper of Nemelex Xobeh the Trickster
  4119 | D:6      | Found Xaskowk's Serpentskin Sales.
  4191 | D:6      | Received a gift from Nemelex Xobeh
  4297 | D:6      | Reached skill level 9 in Stealth
  4385 | D:6      | Reached XP level 8. HP: 35/54 MP: 10/14
  5128 | D:6      | Reached skill level 10 in Stealth
  5234 | D:7      | Killed Menkaure
  5265 | D:7      | Reached * piety under Nemelex Xobeh
  5278 | D:7      | Found Uculeoh's Book Emporium.
  5423 | D:7      | Reached skill level 5 in Spellcasting
  5444 | D:7      | Noticed Dowan
  5498 | D:7      | Killed Dowan
  5498 | D:7      | Reached XP level 9. HP: 61/61 MP: 11/16
  5537 | D:7      | Noticed Duvessa
  5659 | D:7      | Killed Duvessa
  5707 | D:7      | Reached skill level 11 in Stealth
  6174 | D:7      | Reached skill level 12 in Stealth
  6415 | D:8      | Noticed Prince Ribbit
  6418 | D:8      | Killed Prince Ribbit
  6419 | D:8      | Noticed Maurice
  6426 | D:8      | Killed Maurice
  6464 | D:8      | Found a staircase to the Lair.
  6466 | D:8      | Received a gift from Nemelex Xobeh
  6605 | D:8      | Reached XP level 10. HP: 67/67 MP: 13/19
  6703 | D:8      | Reached skill level 13 in Stealth
  6833 | D:9      | Reached skill level 10 in Hexes
  6839 | D:9      | Found a runed translucent door.
  6891 | D:9      | Noticed davaitedunem's ghost (novice TrHu)
  7091 | D:9      | Killed Harold
  7091 | D:9      | Reached skill level 5 in Ice Magic
  7250 | D:9      | Noticed a two-headed ogre
  7262 | D:9      | Killed a two-headed ogre
  7274 | D:9      | Received a gift from Nemelex Xobeh
  7331 | D:9      | Found a shimmering altar of Xom.
  7630 | D:9      | Reached skill level 14 in Stealth
  7639 | D:9      | Reached skill level 5 in Short Blades
  7720 | D:10     | Entered Level 10 of the Dungeon
  7752 | D:10     | Reached ** piety under Nemelex Xobeh
  7866 | D:10     | Received a gift from Nemelex Xobeh
  7985 | D:10     | Noticed a two-headed ogre
  7994 | D:10     | Killed a two-headed ogre
  7994 | D:10     | Reached XP level 11. HP: 72/72 MP: 19/22
  8017 | D:10     | Received a gift from Nemelex Xobeh
  8351 | D:10     | Reached skill level 15 in Stealth
  8777 | D:11     | Reached *** piety under Nemelex Xobeh
  8777 | D:11     | Received a gift from Nemelex Xobeh
  8837 | D:11     | Noticed a two-headed ogre
  8861 | D:11     | Killed a two-headed ogre
  8905 | D:11     | Noticed a seven-headed hydra
  8906 | D:11     | Found Athroar's Jewellery Emporium.
  8916 | D:11     | Killed a seven-headed hydra
  9098 | D:11     | Received a gift from Nemelex Xobeh
  9249 | D:11     | You fall through a shaft for 3 floors!
  9280 | D:14     | Found Obofieneh's Book Shoppe.
  9320 | D:13     | Reached skill level 16 in Stealth
  9375 | D:13     | Noticed a white ugly thing
  9554 | D:12     | Noticed Azrael
  9572 | D:12     | Noticed a two-headed ogre
  9588 | D:12     | Found a staircase to the Orcish Mines.
  9597 | D:12     | Killed a two-headed ogre
  9616 | D:12     | Learned a level 3 spell: Ozocubu's Armour
  9657 | D:12     | Noticed Sonja
  9698 | D:12     | Slain by a very large slime creature

Skill      XL: |  1  2  3  4  5  6  7  8  9 10 11 |
---------------+----------------------------------+-----
Stealth        | 5 6 7 8 9 10 12 14 16 | 16.4
Hexes          | 5 6 7 8 9 11 12 | 12.2
Ice Magic      | 1 2 3 4 5 6 |  6.3
Short Blades   | 2 4 5 |  5.8
Spellcasting   | 3 4 5 6 7 8 |  8.5
Fighting       | 1 2 |  2.4
Dodging        | 3 4 |  4.7
Maces & Flails | |  0.6

Action                   |  1- 3 |  4- 6 |  7- 9 | 10-12 || total
-------------------------+-------+-------+-------+-------++-------
Melee: Dagger            |    86 |    68 |   132 |   167 ||   453
       Bite              |     5 |     7 |    12 |     9 ||    33
       Headbutt          |       |     4 |    20 |    27 ||    51
       Whip              |       |    12 |       |       ||    12
 Cast: Corona            |     7 |       |       |       ||     7
       Ensorcelled Hiber |    27 |    27 |    74 |    75 ||   203
       Confuse           |       |     4 |    22 |    31 ||    57
 Abil: End Transformatio |       |     1 |       |     4 ||     5
       Bat Form          |       |     1 |       |     4 ||     5
       Draw Destruction  |       |       |       |     5 ||     5
  Use: Potion            |     6 |    10 |    15 |    13 ||    44
       Scroll            |       |     6 |     6 |     2 ||    14
 Stab: Sleeping          |    33 |    27 |    55 |    56 ||   171
       Confused          |       |     1 |    11 |    16 ||    28
       Distracted        |       |       |     1 |       ||     1
Armor: Robe              |     9 |    26 |    25 |    28 ||    88
Dodge: Dodged            |    66 |    63 |    80 |   110 ||   319
